 Dungeon Crawl Stone Soup version 0.31-a0-208-gdb31a4691d (webtiles) character file.

Game seed: 15271141216098888681

2 lunkers the Magician (level 1, -8/14 HPs)
             Began as a Meteoran Wanderer on June 28, 2023.
             Killed by an exploding bat (22 damage)
             ... ignited by their inner flame
             ... on level 1 of the Dungeon.
             The game lasted 00:00:43 (62 turns).

lunkers the Magician (Meteoran Wanderer)              Turns: 62, Time: 00:00:44

Health: -8/14      AC:  3    Str: 12    XL:     1   Next: 42%
Magic:  7/7        EV: 11    Int: 17    God:
Gold:   0          SH:  0    Dex: 10    Spells: 10/10 levels left

rFire   . . .        a - +0 club
rCold   . . .        (no shield)
rNeg    . . .        c - +0 robe
rPois   .            (no helmet)
rElec   .            d - +0 cloak
rCorr   .            (no gloves)
SInv    .            (no boots)
Will    .....        (no amulet)
Stlth   +            (no ring)
HPRegen 0.22/turn    (no ring)
MPRegen 0.10/turn

%: no passive effects
@: glowing
A: sense surroundings 1, otherworldly, glowing, explore regen
a: no special abilities


You were on level 1 of the Dungeon.
You visited 1 branch of the dungeon, and saw 1 of its levels.

Inventory:

Hand Weapons
 a - a +0 club (weapon)
Armour
 c - a +0 robe (worn)
 d - a +0 cloak (worn)
Scrolls
 b - a scroll of vulnerability
Potions
 e - a potion of lignification {unknown}
 g - a potion of heal wounds {unknown}


   Skills:
 + Level 1.3 Armour
 + Level 1.4 Stealth
 + Level 5.3 Spellcasting
 + Level 2.4 Hexes
 + Level 1.3 Summonings


You had 10 spell levels left.
You didn't know any spells.
Your spell library contained the following spells:

 Spells                   Type           Power      Damage    Failure   Level
 Slow                     Hex            48%        N/A       4%          1
 Summon Small Mammal      Summ           32%        N/A       9%          1
 Call Canine Familiar     Summ           8%         N/A       24%         3
 Inner Flame              Hex/Fire       8%         N/A       26%         3
 Leda's Liquefaction      Hex/Erth       4%         N/A       63%         4


Dungeon Overview and Level Annotations

Branches:
Dungeon (1/15) Zot: 535

Altars:


Innate Abilities, Weirdness & Mutations

You passively map a small area around you.
You are easily found by Zot.
You glow in the dark.
You regain HP and MP as you explore.


Message History

No target in view!
No target in view!
A bat comes into view.
A bat is nearby!
The bat hits you but does no damage.
You hit the bat.
You kill the bat!
No target in view!
No target in view!
Found a stone staircase leading down.
f - a scroll labelled WOEXORGHESUNT
g - a sedimented grey potion A goblin comes into view.
It is wielding a +0 dagger.
You hit the goblin but do no damage. The goblin hits you with a +0 dagger.
You closely miss the goblin. The goblin barely misses you.
You hit the goblin.
You kill the goblin!
No target in view!
No target in view!
HP restored.
A bat comes into view.
Found a scroll labelled DAGREE SUHUDI.
As you read the scroll labelled WOEXORGHESUNT, it crumbles to dust.
The creatures around you are filled with an inner flame!
It was a scroll of immolation.
You barely miss the bat. The bat barely misses you.
You barely miss the bat. The bat hits you but does no damage.
The bat hits you but does no damage. The bat barely misses you.
The bat hits you but does no damage.
You miss the bat. The bat hits you but does no damage.
The bat closely misses you.
You closely miss the bat. The bat hits you but does no damage.
You closely miss the bat. The bat hits you but does no damage.
The bat closely misses you. The bat hits you but does no damage. x2
You hit the bat.
The bat explodes!
The fiery explosion engulfs you!!
Ouch! That really hurt!
You die...

§≈§#### ~~ .....>#~ ~
.# §§§..<# #. ##.###
≈§≈#### ~ ~#.., ,.....
#≈≈≈≈≈ ~ #.####...#,#
≈≈≈≈≈§§~ *#.#........
≈≈≈≈#§§ ~ #.##...#.#,
≈≈≈≈≈≈§≈ ~* #.#.§.§..#
* * ##≈≈≈≈≈≈ #...@§.#
#############..#§#§..#
..............##.# ###
* ..###....##.#.##.# ,
#####.....#.#.##.# ,
..........#.#?##.# * *
* #####.##..#.#.##.#
#.##).#.#.##.#*
#.##..#.#.# ,


There were no monsters in sight!

Vanquished Creatures
  A goblin (D:1)
  2 bats (D:1)
3 creatures vanquished.

Notes
Turn   | Place    | Note
-------+----------+-------------------------------------------
     0 | D:1      | lunkers the Meteoran Wanderer began the quest for the Orb.
     0 | D:1      | lunkers set off with the following items: a +0 club, a
                  | scroll of vulnerability, a +0 robe, a +0 cloak; and the
                  | following spells available to memorise: Slow, Summon Small
                  | Mammal, Call Canine Familiar, Inner Flame, Leda's
                  | Liquefaction.
     0 | D:1      | Reached XP level 1. HP: 14/14 MP: 7/7
    62 | D:1      | Killed by an exploding bat... ignited by their inner flame

Illustrated notes

Levels and vault maps discovered:
D:1:      lightli_molten_gateway, layout_basic,
          hellmonk_ecumenical_altar_run_dry, hangedman_feature_mirror

Action                     || total
---------------------------++-------
  Melee: Club              ||    10
    Use: Scroll            ||     1
 Armour: Robe              ||     9
  Dodge: Dodged            ||     5

Table legend: (Time is in decaauts)
 A = Elapsed time spent in this place.
 B = Non-inter-level travel time spent in this place.
 C = Inter-level travel time spent in this place.
 D = Time resting spent in this place.
 E = Time spent auto-exploring this place.
 F = Levels seen in this place.
 G = Mean time per level.
                   A        B        C        D        E       F      G
               +--------+--------+--------+--------+--------+-----+--------+
         Total |     64 |     64 |      0 |      0 |     38 |   1 |   64.0 |
       Dungeon |     64 |     64 |      0 |      0 |     38 |   1 |   64.0 |
               +--------+--------+--------+--------+--------+-----+--------+

Top non-repeatable levels by time:
     D:1: 64 daAuts
